Cogmind - Beta 15 @@@ ROGUE MODE // 2025.08.15 @ 21:51:32 Player: erfael Result: Destroyed by S-10 Pest with Light Assault Rifle Performance ------------- Evolutions (0) 0 Regions Visited (1) 200 Robots Destroyed (24) 120 Value Destroyed (389) 389 Prototype IDs (0) 0 Alien Tech Used (0) 0 Bonus (0) 0 TOTAL SCORE: 709 Bonus ------- None Cogmind --------- Core Integrity 0/250 Matter 283/300 Energy 125/125 System Corruption 1% Temperature Cool (20) Movement Walking (190) Ox1 Location -10/Materials Parts ------- > --- POWER (1) -------- Light Ion Engine > --- PROPULSION (2) --- Aluminum Leg Aluminum Leg > --- UTILITY (2) ------ Large Storage Unit Seismic Detector > --- WEAPON (2) ------- Light Assault Rifle Light Cannon > --- INVENTORY (15) --- Ion Engine Aluminum Leg Aluminum Leg Aluminum Leg Improved Terrain Scanner Improved Terrain Scanner Seismic Detector EM Pulse Gun Mining Claw Peak State ------------ > --- POWER ------------ Light Ion Engine > --- PROPULSION ------- Aluminum Leg Aluminum Leg > --- UTILITY ---------- Small Storage Unit Seismic Detector > --- WEAPON ----------- EM Pulse Gun Light Assault Rifle > --- INVENTORY -------- Ion Engine Light Treads Light Treads Improved Terrain Scanner Improved Terrain Scanner EM Pulse Gun [Rating: 8] Favorites ----------- Power Light Ion Engine Engine Light Ion Engine Propulsion Aluminum Leg Leg Aluminum Leg Utility Seismic Detector Device Seismic Detector Storage Small Storage Unit Weapon Light Assault Rifle Energy Gun EM Pulse Gun Ballistic Gun Light Assault Rifle Ballistic Cannon Light Cannon Slashing Weapon Mining Claw Build | -11 -10 ------- Run | Yrd Mat Slots Evolved . | . . Power . | . . Propulsion . | . . Utility . | . . Weapon . | . . Parts Attached 16 | 8 8 Power 3 | 2 1 Engine 3 | 2 1 Core . | . . Reactor . | . . Propulsion 6 | 2 4 Treads . | . . Leg 6 | 2 4 Wheel . | . . Hover . | . . Flight . | . . Utility 3 | 2 1 Device 1 | 1 . Storage 2 | 1 1 Processor . | . . Hackware . | . . Protection . | . . Artifact . | . . Weapon 4 | 2 2 Energy Gun 1 | 1 . Energy Cannon . | . . Ballistic Gun 1 | 1 . Ballistic Cannon 1 | . 1 Launcher . | . . Special Weapon . | . . Impact Weapon . | . . Slashing Weapon 1 | . 1 Piercing Weapon . | . . Special Melee Weapon . | . . Unidentified Prototypes . | . . Parts Lost 1 | . 1 Power 1 | . 1 Propulsion . | . . Utility . | . . Weapon . | . . Highest Loss Streak 1 | . 1 To Critical Strikes . | . . Average Backups 7 | 4 8 Power . | . 1 Propulsion 1 | 1 1 Utility 2 | . 3 Weapon 1 | . 1 Tool/Special . | . . Unused Backups 8 | . 8 Power . | . . Propulsion 3 | . 3 Utility 4 | . 4 Weapon 1 | . 1 Tool/Special . | . . Average Slot Usage (%) 99 | . 99 Engine 13 | . 13 Leg 28 | . 28 Device 14 | . 14 Storage 14 | . 14 Ballistic Gun 14 | . 14 Ballistic Cannon 12 | . 12 Peak Build Rating 8 | 8 8 Average Rating 7 | 6 7 On Entrance 4 | . 8 Naked Turns . | . . Heaviest Build 28 | 14 28 Greatest Support 20 | 20 20 Greatest Overweight (x) 1 | 1 1 Average Overweight (x) . | . . Largest Inventory Capacity 15 | 8 15 Average Capacity 8 | 7 9 Most Carried 9 | 8 9 Average Carried 7 | 4 8 Final Capacity 15 | 8 15 Final Carried 9 | 8 9 Class Distribution -------------------- 80% | Mutant 19% | Scavenger-Mutant Dominant Class ---------------- Mutant | -10/Materials Resources | -11 -10 ----------- Run | Yrd Mat Matter Collected 573 | 305 268 Remotely . | . . Salvage Created 667 | 296 371 Parts 53 | 26 27 Haulers Intercepted . | . . Recyclers Shooed 1 | 1 . Parts Field Recycled . | . . Retrieved Matter . | . . Parts Self-Destructed . | . . Prevented . | . . Kills | -11 -10 ------- Run | Yrd Mat Combat Hostiles Destroyed 14 | . 14 Guns 3 | . 3 Cannons 11 | . 11 Classes Destroyed 5 | 3 2 Worker 2 | 2 . Tunneler 7 | 7 . Recycler 1 | 1 . Swarmer 6 | . 6 Grunt 8 | . 8 Best Kill Streak 5 | 4 5 Combat Bots Only 5 | . 5 Max Kills in Single Turn 1 | 1 1 Gunslinging . | . . Exploded . | . . Melee . | . . Uniques/NPCs Destroyed . | . . Combat | -11 -10 -------- Run | Yrd Mat Hostile Shots Fired 87 | . 87 Missed 23 | . 23 Hits 64 | . 64 Projectile 64 | . 64 Damage Taken 692 | 44 648 Core 255 | 38 217 Absorbed by Shields . | . . Core Remaining (%) 84 | 84 . Volleys Fired 65 | 25 40 Largest 2 | 2 2 Hottest 60 | 60 50 Shots Fired 130 | 50 80 Gun 90 | 50 40 Cannon 40 | . 40 Launcher . | . . Special . | . . Kinetic 105 | 25 80 Thermal . | . . Explosive . | . . Electromagnetic 25 | 25 . Robot Hit Streak 8 | 8 8 Robot Miss Streak 5 | 5 3 Penetration Max . | . . Secondary Targets . | . . Shots Hit Robots 77 | 25 52 Core Hits 35 | 14 21 Critical Kills . | . . Critical Parts Destroyed . | . . Critical Strikes 1 | . 1 Blast 1 | . 1 Melee Attacks 7 | . 7 Impact . | . . Slashing 7 | . 7 Piercing . | . . Sneak Attacks . | . . Combat Hostiles . | . . Follow-up Attacks . | . . Damage Inflicted 1041 | 389 652 Guns 467 | 267 200 Cannons 452 | . 452 Explosions 122 | 122 . Melee . | . . Ramming . | . . Kinetic 719 | 67 652 Thermal 122 | 122 . Explosive . | . . Electromagnetic 200 | 200 . Impact . | . . Slashing . | . . Piercing . | . . Highest Corruption 1 | . 1 Average Corruption 1 | . 1 Corruption Purged . | . . Corruption Blocked . | . . Overload Shots . | . . Overflow Damage . | . . Projectiles . | . . Explosions . | . . Melee . | . . Knockbacks 6 | . 6 Impact . | . . Kinetic 6 | . 6 Secondary . | . . Self-Inflicted Damage 45 | 45 . Shots 2 | 2 . Rammed . | . . Targets Rammed . | . . Kicked . | . . Crushed . | . . Highest Temperature 80 | 80 32 Average Temperature 21 | 32 11 Received Heat Transfer 96 | . 96 Siege Activations . | . . Martial Activations . | . . Shielding Activations . | . . Robots Disrupted . | . . Combat Hostiles . | . . Robots Corrupted . | . . Combat Hostiles . | . . Parts Fried 3 | 3 . Impact Corruptions . | . . Robots Melted . | . . Combat Hostiles . | . . Parts Melted . | . . Heat Transferred 100 | 100 . Parts Sabotaged . | . . Parts Stolen . | . . Parts Stripped . | . . Power Chain Reactions 2 | 2 . Alert | -11 -10 ------- Run | Yrd Mat Maximum Alert Level . | . . Low Security (%) 100 | 100 100 Level 1 . | . . Level 2 . | . . Level 3 . | . . Level 4 . | . . Level 5 . | . . High Security . | . . Max Security . | . . Peak Influence 125 | 20 125 Initial . | . . Average 30 | 2 38 Influence Increases 406 | 50 356 Destroy 0b10 Robot/C 280 | . 280 Destroy 0b10 Robot/NC 50 | 50 . Destroy Leader 50 | . 50 Successful Hack 7 | . 7 Destroy Structure 4 | . 4 Lose Combat Pursuer 15 | . 15 Influence Decreases 311 | 50 261 Time Decay 301 | 50 251 Lost Part 10 | . 10 Squads Dispatched 3 | . 3 Investigation 2 | . 2 Extermination . | . . Reinforcement 1 | . 1 Assault . | . . Garrison . | . . Intercept . | . . Searches Triggered . | . . Construction Impeded . | . . Haulers Reinforced . | . . Active Scanning Responses . | . . Cargo Convoy Interrupts . | . . Stealth | -11 -10 --------- Run | Yrd Mat Distress Signals 3 | . 3 Communications Jammed . | . . Distress Signals . | . . Times Spotted 25 | . 25 Peak Tracking Total 5 | . 5 Tactical Retreats 1 | . 1 Traps | -11 -10 ------- Run | Yrd Mat Traps Triggered 4 | . 4 Indirectly . | . . Trap Hack Attempts . | . . Triggered . | . . Disarmed . | . . Reprogrammed . | . . Reused . | . . Traps Extracted . | . . Installed . | . . Triggered . | . . Machines | -11 -10 ---------- Run | Yrd Mat Machines Disabled . | . . Max in Single Turn . | . . Machines Repaired . | . . Machines Dismantled . | . . Machines Sabotaged . | . . Overloaded Fab Kills . | . . Hacking | -11 -10 --------- Run | Yrd Mat Machines Accessed 4 | . 4 Terminals 4 | . 4 Fabricators . | . . Repair Stations . | . . Recycling Units . | . . Scanalyzers . | . . Garrison Access . | . . Total Hacks 7 | . 7 Successful 3 | . 3 Failed 4 | . 4 Catastrophic . | . . Database Lockouts . | . . Manual 8 | . 8 Terminals 7 | . 7 Fabricators . | . . Repair Stations . | . . Recycling Units . | . . Scanalyzers . | . . Garrison Access . | . . Terminal Hacks 1 | . 1 Branch Access Points 1 | . 1 Fabricator Hacks . | . . Repair Station Hacks . | . . Recycling Unit Hacks . | . . Scanalyzer . | . . Garrison Access Hacks . | . . Unauthorized Hacks 2 | . 2 Terminals 2 | . 2 Botnet 2 | . 2 Fabricators . | . . Repair Stations . | . . Recycling Units . | . . Scanalyzers . | . . Garrison Access . | . . Data Cores Recovered . | . . Used . | . . Hacking Detections 2 | . 2 Full Trace Events . | . . Feedback Events . | . . Feedback Blocked . | . . Robot Schematics Acquired . | . . Robots Built . | . . Authchips . | . . Time . | . . Total Robot Build Rating . | . . Part Schematics Acquired . | . . Parts Built . | . . Authchips . | . . Time . | . . Total Part Build Rating . | . . Parts Repaired . | . . Time . | . . Parts Recycled . | . . Recycled Matter . | . . Retrieved Matter . | . . Retrieved Components . | . . Parts Scanalyzed . | . . Part Schematics Acquired . | . . Parts Damaged . | . . Bothacking | -11 -10 ------------ Run | Yrd Mat Used RIF Installer . | . . Robots Hacked . | . . Non-combat . | . . Combat . | . . Robot Hacks Applied . | . . Relay Couplers Released . | . . Fabnet Peak Effective % . | . . Robots Rewired . | . . Allies Hacked . | . . Hacks Repelled . | . . Allies | -11 -10 -------- Run | Yrd Mat Total Allies . | . . Largest Group . | . . Highest-Rated Group . | . . Highest-Rated Ally . | . . Total Orders . | . . Ally Attacks . | . . Total Damage . | . . Kills . | . . Allies Corrupted . | . . Allies Melted . | . . Intel | -11 -10 ------- Run | Yrd Mat Active Infowar (turns) 1053 | 157 896 Seismic 1053 | 157 896 Robot Analysis Total . | . . Derelict Logs Recovered . | . . Drone Launches . | . . Drone Recoveries . | . . Exploration | -11 -10 ------------- Run | Yrd Mat Turns Passed 1175 | 279 896 Spaces Moved 661 | 144 517 Core 13 | 13 . Treads . | . . Legs 648 | 131 517 Wheels . | . . Hover . | . . Flight . | . . Fastest Speed 50 | 50 120 Average Speed 126 | 117 129 Slowest Speed 190 | 120 190 Overloaded Moves . | . . Propulsion Burnouts . | . . Robots Hopped . | . . Potential Cave-ins . | . . Cave-ins Triggered . | . . Exploration Rate (%) 44 | 6 82 Regions Visited 1 Branch Regions . Pre-discovered Areas . | . . Known Exits Taken . | . . Unknown Exits Taken 1 | 1 . Scrap Searched . | . . Spaces Dug 4 | . 4 Terrain Destroyed 11 | 7 4 Melee 4 | . 4 Projectile . | . . AOE 7 | 7 . Terrain Rammed . | . . Walls Destroyed . | . . Machines Disabled . | . . Actions | -11 -10 --------- Run | Yrd Mat Total 866 | 204 662 Wait 98 | 20 78 Move 660 | 143 517 Hop . | . . Pick Up 11 | 8 3 Fast Attach 9 | 7 2 Attach . | . . Detach . | . . Swap 8 | 1 7 Drop 8 | . 8 Fire 65 | 25 40 Melee 7 | . 7 Ram . | . . Kick . | . . Crush . | . . Escape Stasis . | . . Rewire . | . . Trap . | . . Miscellaneous . | . . Route ------- -11/Scrapyard -10/Materials (discovered 4 exits: [*Mat x3] / *Min) History --------- Turn | Location | Event 13 | -11/Scrapyard | Discovered new exit (range 15) 280 | -11/Scrapyard | Entered Materials 300 | -10/Materials | Build established: Mutant 351 | -10/Materials | Discovered new exit (range 16) 745 | -10/Materials | Discovered new exit (range 5) 913 | -10/Materials | Discovered new exit (range 15) 935 | -10/Materials | Core integrity fell below 50% 974 | -10/Materials | Identified exit to Mines 1115 | -10/Materials | Discovered new exit (range 13) 1161 | -10/Materials | Core integrity fell below 20% 1176 | -10/Materials | Destroyed by S-10 Pest with Light Assault Rifle Last Messages --------------- Map updated. 01006_ Dropped Sml. Storage Unit. 01041_ G-34 Mercenary suffers critical hit (Blast). 01041_ G-34 Mercenary destroyed. 01048_ Acquired 40 matter. 01068_ G-34 Mercenary destroyed. 01076_ Acquired 26 matter. 01098_ K-01 Serf collects debris. 01101_ Acquired 3 matter. 01103_ Acquired 16 matter. 01113_ Acquired 4 matter. 01115_ EXIT=FOUND 01158_ Triggered EMP Trap. 01158_ A bubble of electromagnetic force engulfs the area. 01158_ Door malfunctions. 01160_ Triggered EMP Trap. 01160_ A bubble of electromagnetic force engulfs the area. 01160_ EMP Trap short circuited. 01160_ A bubble of electromagnetic force engulfs the area. 01174_ S-10 Pest knocked back. Map ----- +----------------------------------------------------+ | ????????????????????????????????????? | | ????????????????????????????????????? | | ????????????????????????##########??? | | ????????????????????????# [#### | | ????????????????????????# """ # | | ????????????????????????# """ # | | ????????????????????????# """ # !! | | ????????????????????????# # !! | | ????????????????????????# """ # | | ????????????#####???????# """ # | | ????????????? ???????# """ # | | ????????????? ???????# # | | ????????????? ???????######+### | | ????????????? ??????????# ###+ | | ?????????????# #??????????# | | ?????????????# #??????????# | | ?????????????# /??????????# | | ?????????????# #??????????# #### | | ?????????????# #??????????#######??? | | ?????????????# #???????????????????? | | ?????????????# #?????????######????? | | ?????????????# ######???? ! #????? | | ?????????????# #??? #????? | | ?????????????# #### #????? | | ??????########/#### + """ #????? | | ??????# @ s # # """ #????? | | ??????# ss"""# # """ #????? | | ??????# """% R"# #?######????? | | ??????# """ """# #???????????? | | ??????# """ # ############? | | ??????# """ # ## "T" #? | | ??????# # ## =?? | | ??????###?######### ## """ ??? | | ??????????# # """""???? | | ??????????# < + """""???? | | ??????????# # """""???# | | ??????????############ # """ ???# | | ?????????????# # # ??# | | ?????????????# # #########??# | | ?????????????# !!! + #??????????# | | ?????????????# !! # #????####### | | ?????????????# !!??# = ######% # | | ?????????????####????# *[ ! %[+ # | | ????????????????#######+#######=""" # | | ????????????????# # """ # | | ????????????????# """ """ """ # """ + | | ????????????????# """ """ """ # # | | ????????????????# """ """ """ # # | | ????????????????# ####### | | ????????????????# ! #????# | +----------------------------------------------------+ Best States ------------- Heat Dissipation 25 Energy Generation 10 Energy Capacity 250 Matter Stores 300 Matter Capacity 300 Sight Range 16 Terrain Scan Density 10 Evasion (%) 55 Item Schematics ----------------- None Robot Schematics ------------------ None Fabricated ------------ Nothing Repaired ---------- Nothing Alien Tech Used ----------------- None Achievements -------------- None Challenges ------------ None Game ------ Seed PulseCobblerInjector Manual? 0 Play Time 00:13:25 Cumulative 48.8 hours Start 2025.08.15 @ 21:37:06 End 2025.08.15 @ 21:51:32 Sessions 1 Manual Loads 0 Difficulty Rogue Special Mode None Game No. 44 Rogue 44 Adventurer 0 Explorer 0 Win Type - Total 0 Types 0/0/0/0/0/0/0/0/0/0 Lore% 31 Gallery% 26 Achievement% 26 Wizard Run 0 Options --------- Layout 0 ASCII 0 Keyboard 1 Movement Numpad Keybinds 0 Fullscreen 1 Font 18/SmallcapsGlow Map View 76x50 Zoom Use 0% Tactical HUD 1 Map Filters NONE Filters NONE Steam 1 RUN: 3de1b097-24f4-42d4-9dbe-278ba5b60157